 Dungeon Crawl Stone Soup version 0.29-a0-341-g24ffce5b50 (console) character file.

Game seed: 13030868057967509815

280 cecila the Skirmisher (level 6, -3/51 HPs)
             Began as a Mummy Wanderer on Apr 21, 2022.
             Killed from afar by an orc (24 damage)
             ... with a bolt of acid
             ... on level 4 of the Dungeon.
             The game lasted 00:06:53 (4493 turns).

cecila the Skirmisher (Mummy Wanderer)              Turns: 4493, Time: 00:06:54

Health: -3/51      AC: 10    Str: 15    XL:     6   Next: 5%
Magic:  6/6        EV:  6    Int: 10    God:
Gold:   56         SH:  7    Dex: 15    Spells: 5/5 levels left

rFire   x . .      SeeInvis .   p - +0 dagger (venom)
rCold   + . .      Faith    .   f - +2 buckler
rNeg    + + +      Spirit   .   r - +0 chain mail
rPois   ∞          Reflect  .   q - +0 helmet
rElec   .          Harm     .   c - +0 cloak
rCorr   .          Rampage  .   (no gloves)
Will    .....                   (no boots)
Stlth   ..........              (no amulet)
HPRegen 0.17/turn               (no ring)
MPRegen 0.10/turn               (no ring)

@: no status effects
A: cold resistance 1, negative energy resistance 3, torment resistance 2, heat
vulnerability 1, in touch with death 1, no potions
a: no special abilities


You were on level 4 of the Dungeon.
You visited 1 branch of the dungeon, and saw 4 of its levels.

You collected 79 gold pieces.
You spent 23 gold pieces at shops.

Inventory:

Hand Weapons
 m - a +3 whip
 p - a +0 dagger of venom (weapon)
Missiles
 n - 6 poisoned darts (quivered)
Armour
 c - a +0 cloak (worn)
 f - a +2 buckler (worn)
 q - a +0 helmet (worn)
 r - a +0 chain mail (worn)
Jewellery
 e - a ring of wizardry
Wands
 l - a wand of iceblast (7)
Scrolls
 a - 2 scrolls of identify {unknown}
 b - 3 scrolls of teleportation
 d - a scroll of blinking
 g - 4 scrolls of enchant armour {unknown}
 h - a scroll of fog {unknown}
 i - a scroll of immolation {unknown}
 j - a scroll of torment {unknown}
 k - a scroll of noise {unknown}
 o - a scroll of silence {unknown}


   Skills:
 - Level 5.0 Fighting
 - Level 2.0 Throwing
 - Level 1.0 Dodging
 - Level 1.0 Stealth
 + Level 3.6 Shields
 - Level 1.0 Invocations
 - Level 2.0 Evocations


You had 5 spell levels left.
You didn't know any spells.
Your spell library contained the following spells:

 Spells                   Type           Power      Damage    Failure   Level
 Confusing Touch          Hex            0%         N/A       100%        3
 Gell's Gravitas          Tloc           0%         N/A       100%        3
 Teleport Other           Tloc           0%         N/A       100%        3
 Yara's Violent Unravell  Hex/Tmut       0%         3d3       100%        5
 Dispersal                Tloc           0%         N/A       100%        6
 Enfeeble                 Hex            0%         N/A       100%        7


Dungeon Overview and Level Annotations

Branches:
Dungeon (4/15)
 Temple: D:4-7

Altars:

Shops:
D:1 [*==


Innate Abilities, Weirdness & Mutations

You are immune to poison.
Your flesh is cold resistant. (rC+)
You are immune to negative energy. (rN+++)
You are immune to unholy pain and torment.
You are vulnerable to heat. (rF-)
You are in touch with the powers of death.
You do not drink.


Message History

You hit the orc.
The orc is moderately wounded.
You block the orc's attack.
You hit the orc but do no damage.
The orc is poisoned.
The orc is moderately wounded.
You block the orc's attack. The orc attacks as you move away!
You block the orc's attack.
You kill the orc!
The orc hits you but does no damage.
The orc zaps a wand.
The bolt of acid misses the orc.
The bolt of acid hits you!!
The orc zaps a wand.
The bolt of acid hits the orc!!!
The orc dies!
The bolt of acid hits you!
* * * LOW HITPOINT WARNING * * *
Press: ? - help, v - describe, . - travel
Here: an orc, wielding a +0 falchion The floor.
Press: ? - help, v - describe, . - travel
Here: an orc, wielding a +0 short sword, wearing a +0 ring mail and carrying a wand of acid (5)
The floor.
Unknown command.
Okay, then.
Aiming: Paralyse
Press: ? - help, Shift-Dir - straight line, f - orc
Aim: an orc, wielding a +0 flail and wearing a +0 leather armour (chance to affect: 71%)
The orc suddenly stops moving!
The now-empty wand crumbles to dust.
The orc zaps a wand.
The bolt of acid hits the orc!!
The orc dies!
The bolt of acid misses you.
Unknown command.
Unknown command.
Unknown command.
An orc comes into view. It is wielding a +0 war axe.
The orc shouts! x2
The orc zaps a wand.
The bolt of acid hits the orc!!!
The acid corrodes the orc!
The orc dies!
The bolt of acid hits you!!
You die...

...................
.[...........###...
.............# ###
.............# ######÷.....#
#####............#
#######................#
######.......######.........#
...o....#####...@o..........#
o...######.......o..........#
##### ##...................#
# #.........)...........
##### #..............>.....
....# #.........o.........
...## ##...........#......
..## #..........###.... o##
##........## #..


You could see 3 orcs.

Vanquished Creatures
  A scorpion (D:4)
  3 orc wizards (D:4)
  Robin (D:1)
  4 adders
  3 worms (D:2)
  A dart slug (D:1)
  4 orcs
  9 endoplasms
  5 giant cockroaches
  12 hobgoblins
  5 quokkas
  6 ball pythons
  3 bats
  8 frilled lizards
  11 goblins
  A kobold (D:1)
  4 rats
81 creatures vanquished.

Vanquished Creatures (others)
  3 orcs (D:4)
  2 demonic plants (D:1)
  2 withered plants (D:1)
7 creatures vanquished.

Grand Total: 88 creatures vanquished

Notes
Turn   | Place    | Note
-------+----------+-------------------------------------------
     0 | D:1      | cecila the Mummy Wanderer began the quest for the Orb.
     0 | D:1      | cecila set off with the following items: a +0 dagger, a
                  | scroll of teleportation, a +0 cloak, a scroll of blinking,
                  | a +0 leather armour, a +2 buckler
     0 | D:1      | Reached XP level 1. HP: 19/19 MP: 1/1
    43 | D:1      | Found Galon's Jewellery Emporium.
   274 | D:1      | Found a faded altar of an unknown god.
   336 | D:1      | Reached XP level 2. HP: 13/25 MP: 2/2
   510 | D:1      | Found Xelarageu's Assorted Antiques.
   610 | D:1      | Bought a scroll labelled BABRIXEQOA for 23 gold pieces
   614 | D:1      | Found Niorum's Antique Armour Emporium.
   919 | D:1      | Gained mutation: You are in touch with the powers of death.
                  | [Mummy growth]
   919 | D:1      | Reached XP level 3. HP: 29/31 MP: 3/3
   941 | D:1      | Found Kuso's Jewellery Shop.
  1765 | D:2      | You fall into a shaft and drop 2 floors!
  2766 | D:2      | Reached XP level 4. HP: 38/38 MP: 4/4
  2897 | D:2      | Noticed Robin
  3094 | D:1      | Killed Robin
  3811 | D:4      | Noticed a scorpion
  3819 | D:4      | Killed a scorpion
  3820 | D:4      | Reached skill level 5 in Fighting
  3820 | D:4      | Reached skill level 1 in Throwing
  3820 | D:4      | Reached XP level 5. HP: 44/44 MP: 5/5
  4238 | D:4      | Reached XP level 6. HP: 51/51 MP: 6/6
  4493 | D:4      | Killed from afar by an orc

Illustrated notes

Levels and vault maps discovered:
D:1:      sevenhm_arrival_forest_fort_large_2, layout_loops_ring,
          shapermc_ecumenical_altar_gd, serial_shops, shop, shop, shop, shop
D:2:      layout_loops_cross, minmay_pentomino_s4, uniq_robin
D:3:      layout_loops_cross
D:4:      layout_cave_pods, minmay_a_box_with_orc_wizards_in_it

Skill      XL: |  1  2  3  4  5 |
---------------+----------------+-----
Shields        | 2 3 |  3.6
Fighting       | 5 |  5.0
Throwing       | 1 2 |  2.0
Evocations     | 2 |  2.0
Dodging        | |  1.0
Stealth        | |  1.0
Invocations    | |  1.0

Action                   |  1- 3 |  4- 6 || total
-------------------------+-------+-------++-------
Melee: Dagger            |   207 |   165 ||   372
Evoke: Wand              |     1 |     1 ||     2
 Stab: Sleeping          |     4 |     1 ||     5
Armor: Leather armour    |    45 |    14 ||    59
       Chain mail        |       |    33 ||    33
Dodge: Dodged            |    90 |    49 ||   139
Block: Buckler           |    55 |    44 ||    99

Table legend: (Time is in decaauts)
 A = Elapsed time spent in this place.
 B = Non-inter-level travel time spent in this place.
 C = Inter-level travel time spent in this place.
 D = Time resting spent in this place.
 E = Time spent auto-exploring this place.
 F = Levels seen in this place.
 G = Mean time per level.
                   A        B        C        D        E       F      G
               +--------+--------+--------+--------+--------+-----+--------+
         Total |   4511 |   4379 |    132 |   1592 |   1860 |   4 | 1127.8 |
       Dungeon |   4511 |   4379 |    132 |   1592 |   1860 |   4 | 1127.8 |
               +--------+--------+--------+--------+--------+-----+--------+

Top non-repeatable levels by time:
     D:1: 1630 daAuts
     D:2: 1310 daAuts
     D:3: 867 daAuts
     D:4: 703 daAuts
